 Dungeon Crawl Stone Soup version 0.27-a0-1591-gc56fcc985a (webtiles) character file.

Game seed: 16309618394404359583

415 bande the Shield-Bearer (level 6, -8/39 HPs)
             Began as a Gargoyle Fighter on July 20, 2021.
             Mangled by Pikel (11 damage)
             ... on level 4 of the Dungeon.
             The game lasted 00:05:28 (3237 turns).

bande the Shield-Bearer (Gargoyle Fighter)          Turns: 3237, Time: 00:05:29

Health: -8/39      AC: 15    Str: 20    XL:     6   Next: 92%
Magic:  6/6        EV:  8    Int:  9    God:
Gold:   150        SH:  9    Dex: 10    Spells: 5/5 levels left

rFire    . . .     SeeInvis .   a - +1 war axe
rCold    . . .     Faith    .   c - +0 kite shield
rNeg     + . .     Spirit   .   b - +0 scale mail
rPois    ∞         Reflect  .   (no helmet)
rElec    +         Harm     .   (no cloak)
rCorr    +         Rampage  .   (no gloves)
Will     .....                  (no boots)
Stlth    ..........             (no amulet)
HPRegen  0.13/turn              f - ring of resist corrosion
MPRegen  0.10/turn              h - +4 ring of protection

@: weak-willed
A: sickness immunity, AC +4, negative energy resistance 1, electricity
resistance, torment resistance 1, petrification resistance
a: no special abilities


You were on level 4 of the Dungeon.
You visited 1 branch of the dungeon, and saw 4 of its levels.

You collected 150 gold pieces.

Inventory:

Hand Weapons
 a - a +1 war axe (weapon)
Armour
 b - a +0 scale mail (worn)
 c - a +0 kite shield (worn)
Jewellery
 f - a ring of resist corrosion (left hand)
 h - a +4 ring of protection (right hand)
Scrolls
 g - a scroll of blinking
Potions
 d - 3 potions of might
 e - a potion of brilliance
 i - a potion of cancellation


   Skills:
 + Level 4.4 Fighting
 + Level 4.5 Axes
 + Level 4.3 Armour
 + Level 1.2 Dodging
 + Level 4.5 Shields


You had 5 spell levels left.
You didn't know any spells.
Your spell library contained the following spells:

 Spells                   Type           Power      Damage    Failure   Level
 Sandblast                Erth           0%         2d4       99%         1
 Passwall                 Tmut/Erth      0%         N/A       100%        2
 Lee's Rapid Deconstruct  Erth           0%         3d5*      100%        5


Dungeon Overview and Level Annotations

Branches:
Dungeon (4/15)
 Temple: D:4-7

Altars:
Fedhas
Makhleb
The Shining One

Shops:
D:1 ?*?

Annotations:
D:4 Pikel


Innate Abilities, Weirdness & Mutations

You are immune to sickness and miasma.
Your stone body is resilient. (AC +4)
You are immune to poison.
You resist negative energy. (rN+)
You are resistant to electric shocks. (rElec)
You are resistant to unholy torment.
You are immune to petrification.


Message History

Pikel is moderately wounded.
You block Pikel's attack.
You completely miss Pikel.
Pikel is moderately wounded.
Pikel hits you but does no damage.
You hit Pikel.
Pikel is moderately wounded.
You block Pikel's attack.
Pikel hits you with a +1 whip of freezing.
Pikel freezes you.
* * * LOW HITPOINT WARNING * * *
You barely miss Pikel.
Pikel is moderately wounded.
Pikel hits you but does no damage.
You closely miss Pikel.
Pikel is moderately wounded.
Pikel barely misses you. Pikel hits you but does no damage.
You slash Pikel!
Pikel is heavily wounded.
You block Pikel's attack.
You hit Pikel but do no damage.
Pikel is heavily wounded.
You block Pikel's attack. x2
You closely miss Pikel.
Pikel is heavily wounded.
Pikel hits you but does no damage.
You hit Pikel.
Pikel is heavily wounded.
You block Pikel's attack. Pikel hits you but does no damage.
You closely miss Pikel.
Pikel is heavily wounded.
Pikel hits you with a +1 whip of freezing.
* * * LOW HITPOINT WARNING * * *
Pikel freezes you.
* * * LOW HITPOINT WARNING * * *
You hit Pikel but do no damage.
Pikel is heavily wounded.
Pikel hits you but does no damage.
Pikel hits you with a +1 whip of freezing!
You die...

#.........##
#..# #####
#.........#
#..#
#####.....#
#..# #.....#
#..# ##.####
#..# #..# #..#
##.# #..# #.#
#..# #@# #K#
##########5##
........w5.#
#.##.####.##.##
#.......5.....#
#..####.####..#
#.....##..#
#.......#...#


You could see Pikel, 2 lemures and a worm.

Vanquished Creatures
  Menkaure (D:4)
  A water moccasin (D:4)
  A lemure (D:4)
  A water moccasin skeleton (D:4)
  A hound (D:4)
  A hound skeleton (D:3)
  2 adders (D:3)
  A worm (D:2)
  3 dart slugs
  An orc (D:3)
  2 ball pythons
  10 endoplasms
  A giant cockroach (D:2)
  4 goblins
  10 hobgoblins
  8 jackals
  7 kobolds
  4 quokkas
  2 bats
  5 frilled lizards
  6 rats
  A spectral hobgoblin (D:1)
73 creatures vanquished.

Notes
Turn   | Place    | Note
-------+----------+-------------------------------------------
     0 | D:1      | bande the Gargoyle Fighter began the quest for the Orb.
     0 | D:1      | Reached XP level 1. HP: 14/14 MP: 1/1
   190 | D:1      | Reached XP level 2. HP: 19/19 MP: 2/2
   301 | D:1      | Found Leypikk's Magic Scroll Boutique.
   631 | D:1      | Found a faded altar of an unknown god.
   636 | D:1      | Reached XP level 3. HP: 24/24 MP: 3/3
   671 | D:1      | Found Zaysiada's Magic Scroll Emporium.
   734 | D:1      | Found Hiulu's Assorted Antiques.
  1554 | D:2      | Reached XP level 4. HP: 29/29 MP: 4/4
  2465 | D:4      | Found a blossoming altar of Fedhas.
  2465 | D:4      | Found a glowing golden altar of the Shining One.
  2555 | D:4      | Reached XP level 5. HP: 28/33 MP: 5/5
  2606 | D:4      | Noticed a water moccasin
  2626 | D:4      | Killed a water moccasin
  2627 | D:4      | Reached skill level 1 in Dodging
  2631 | D:4      | Reached XP level 6. HP: 8/38 MP: 6/6
  2935 | D:4      | Noticed Menkaure
  2942 | D:4      | Killed Menkaure
  3207 | D:4      | Found a burning altar of Makhleb.
  3208 | D:4      | Noticed Pikel
  3237 | D:4      | Mangled by Pikel

Illustrated notes

Levels and vault maps discovered:
D:1:      nzn_arrival_crosshair, layout_loops_cross, serial_shops, shop, shop,
          nicolae_lakefront_shop, dreamdust_ecumenical_altar_drowned_temple,
          hangedman_decor_points
D:2:      layout_loops_ring
D:3:      layout_rooms
D:4:      layout_basic, jmf_multi_god_temple, old_standard_altar, uniq_pikel,
          uniq_menkaure

Skill      XL: |  1  2  3  4  5  6 |
---------------+-------------------+-----
Axes           | 2 3 4 |  4.5
Fighting       | 4 |  4.4
Armour         | 4 |  4.3
Dodging        | 1 |  1.2
Shields        | 4 |  4.5

Action                   |  1- 3 |  4- 6 || total
-------------------------+-------+-------++-------
Melee: War axe           |   137 |   113 ||   250
  Use: Scroll            |     2 |     4 ||     6
       Potion            |     1 |     2 ||     3
Armor: Scale mail        |    72 |    71 ||   143
Dodge: Dodged            |    36 |    41 ||    77
Block: Kite shield       |    73 |    80 ||   153

Table legend: (Time is in decaauts)
 A = Elapsed time spent in this place.
 B = Non-inter-level travel time spent in this place.
 C = Inter-level travel time spent in this place.
 D = Time resting spent in this place.
 E = Time spent auto-exploring this place.
 F = Levels seen in this place.
 G = Mean time per level.
                   A        B        C        D        E       F      G
               +--------+--------+--------+--------+--------+-----+--------+
         Total |   3388 |   3375 |     13 |    574 |   2141 |   4 |  847.0 |
       Dungeon |   3388 |   3375 |     13 |    574 |   2141 |   4 |  847.0 |
               +--------+--------+--------+--------+--------+-----+--------+

Top non-repeatable levels by time:
     D:1: 1318 daAuts
     D:4: 820 daAuts
     D:2: 699 daAuts
     D:3: 549 daAuts
